[Event "CZE Extraliga 2021-22"]
[Site "Czech Republic"]
[Date "2021.10.17"]
[Round "2.1"]
[White "LYS2 Nabaty Tamir GM 2648"]
[Black "OST2 Kociscak Jiri IM 2484"]
[Result "1-0"]
[ECO "D15"]
[WhiteElo "2648"]
[BlackElo "2484"]
[Annotator "NA"]
[PlyCount "75"]
[EventDate "2021.10.17"]
[EventCountry "CZE"]
[SourceTitle "playchess.com"]
[Source "ChessBase"]
[SourceQuality "1"]
[TimeControl "40/5400+30:1800+30"]

1. d4 d5 2. Nf3 Nf6 3. c4 c6 4. Nc3 a6 5. cxd5 cxd5 6. Bf4 e6 7. e3 Nc6 8. Bd3 Be7 9. h3 b5 10. O-O Bb7 11. Rc1 O-O 12. a4 b4 13. Nb1 Qb6 14. Nbd2 Rfc8 15. Bg5 h6 16. Bh4 Na5 17. Qe2 Bc6 18. Ra1 Be8 19. Ne5 b3 20. f4 Rc2 21. Bxf6 gxf6 22. Qg4+ Kf8 23. Qh4 Bd8 24. Qxh6+ Ke7 25. Bxc2 bxc2 26. Nd3 Nc4 27. Nxc4 dxc4 28. Nc5 Qxb2 29. f5 e5 30. Ne4 Qb6 31. dxe5 fxe5 32. f6+ Kd7 33. Rac1 Qc6 34. Nc3 Bb6 35. Rxc2 Rd8 36. Rd2+ Kc7 37. Rd3 Rd7 38. Rxd7+ 1-0

[Event "CZE Extraliga 2021-22"]
[Site "Czech Republic"]
[Date "2021.10.17"]
[Round "2.1"]
[White "Druska, Juraj"]
[Black "Piesik, Piotr"]
[Result "1/2-1/2"]
[ECO "B10"]
[WhiteElo "2506"]
[BlackElo "2389"]
[Annotator "ChessBase"]
[PlyCount "124"]
[EventDate "2021.10.17"]
[EventCountry "CZE"]
[SourceTitle "playchess.com"]
[Source "ChessBase"]
[SourceQuality "1"]
[TimeControl "40/5400+30:1800+30"]

1. e4 c6 2. Nf3 d5 3. d3 g6 4. Nbd2 Bg7 5. d4 Bg4 6. c3 Nf6 7. e5 Nfd7 8. h3 Bxf3 9. Nxf3 e6 10. Be3 c5 11. Qd2 Nc6 12. Be2 cxd4 13. cxd4 Qa5 14. Qxa5 Nxa5 15. Rc1 Nc6 16. O-O O-O 17. Rc2 Nb6 18. Rfc1 Rfc8 19. a3 f6 20. exf6 Bxf6 21. Bb5 Ne7 22. Rc7 Nf5 23. Rxc8+ Rxc8 24. Rxc8+ Nxc8 25. Bd7 Nb6 26. Bxe6+ Kf8 27. Bxf5 gxf5 28. b3 Nc8 29. Bf4 Kf7 30. Kf1 a6 31. Ke2 Na7 32. Kd3 Nc6 33. Bd2 h5 34. a4 b5 35. axb5 axb5 36. Bg5 Bg7 37. Bf4 Ke6 38. Be3 Bf6 39. Bd2 Bg7 40. Bg5 Nb4+ 41. Kc3 Nc6 42. Be3 Bf6 43. g3 b4+ 44. Kd3 Na5 45. Bd2 Nc6 46. Bf4 Na5 47. Kc2 Nc6 48. Be5 Bd8 49. Bg7 Be7 50. Bh8 Bd8 51. Be5 Bb6 52. Bg7 Ke7 53. Kd3 Na5 54. Ne5 Ke6 55. Bf8 Nxb3 56. Nf3 Nc1+ 57. Kd2 Na2 58. Kc2 Ba7 59. Bh6 Nc3 60. Kb3 Nd1 61. Be3 Bb8 62. Kxb4 Bxg3 1/2-1/2

[Event "CZE Extraliga 2021-22"]
[Site "Czech Republic"]
[Date "2021.10.17"]
[Round "2.1"]
[White "DPP1 Sahidi Samir IM 2436"]
[Black "FMA2 Azarov Sergei GM 2598"]
[Result "1/2-1/2"]
[ECO "E10"]
[WhiteElo "2436"]
[BlackElo "2598"]
[Annotator "NA"]
[PlyCount "54"]
[EventDate "2021.10.17"]
[EventCountry "CZE"]
[SourceTitle "playchess.com"]
[Source "ChessBase"]
[SourceQuality "1"]
[TimeControl "40/5400+30:1800+30"]

1. d4 Nf6 2. c4 e6 3. Nf3 d5 4. g3 dxc4 5. Qa4+ Nbd7 6. Bg2 a6 7. Nc3 Be7 8. Bf4 Nd5 9. Qxc4 Nxf4 10. gxf4 b5 11. Qd3 Bb7 12. O-O c5 13. dxc5 Nxc5 14. Qxd8+ Rxd8 15. Rac1 b4 16. Nb1 Bxf3 17. Bxf3 O-O 18. Rc4 b3 19. axb3 Nxb3 20. e3 Nd2 21. Nxd2 Rxd2 22. Ra4 Rxb2 23. Kg2 g6 24. Rxa6 Rd8 25. Kg3 h5 26. Ra8 Rxa8 27. Bxa8 Kg7 1/2-1/2

[Event "CZE Extraliga 2021-22"]
[Site "Czech Republic"]
[Date "2021.10.17"]
[Round "2.2"]
[White "NOV5 Navara David GM 2691"]
[Black "PAR6 Sadzikowski Daniel GM 252"]
[Result "1-0"]
[ECO "B47"]
[WhiteElo "2691"]
[BlackElo "2527"]
[Annotator "NA"]
[PlyCount "77"]
[EventDate "2021.10.17"]
[EventCountry "CZE"]
[SourceTitle "playchess.com"]
[Source "ChessBase"]
[SourceQuality "1"]
[TimeControl "40/5400+30:1800+30"]

1. e4 c5 2. Nf3 e6 3. d4 cxd4 4. Nxd4 Nc6 5. Nc3 Qc7 6. f4 a6 7. Nxc6 bxc6 8. Bd3 d5 9. O-O Nf6 10. Qe2 Be7 11. e5 Nd7 12. Na4 c5 13. c4 d4 14. Bd2 g6 15. Be4 Bb7 16. Rab1 O-O 17. b3 a5 18. Nb2 Bc6 19. a4 f6 20. exf6 Rxf6 21. Nd3 Bd6 22. Rf3 Qb7 23. Nf2 Bc7 24. Re1 Re8 25. h4 Kh8 26. h5 Re7 27. Bxc6 Qxc6 28. Ne4 Rf8 29. hxg6 hxg6 30. Rh3+ Kg8 31. Qg4 Nf6 32. Nxf6+ Rxf6 33. Qh4 Kf7 34. Qh8 e5 35. Rh7+ Ke6 36. fxe5 Rff7 37. Qc8+ Qd7 38. Qa6+ Kf5 39. g4+ 1-0

[Event "CZE Extraliga 2021-22"]
[Site "Czech Republic"]
[Date "2021.10.17"]
[Round "2.2"]
[White "FMA5 Zwardon Vojtech IM 2470"]
[Black "DPP2 Stohl Igor GM 2458"]
[Result "1/2-1/2"]
[ECO "A13"]
[WhiteElo "2470"]
[BlackElo "2458"]
[Annotator "NA"]
[PlyCount "31"]
[EventDate "2021.10.17"]
[EventCountry "CZE"]
[SourceTitle "playchess.com"]
[Source "ChessBase"]
[SourceQuality "1"]
[TimeControl "40/5400+30:1800+30"]

1. c4 e6 2. Nf3 Nf6 3. Nc3 d5 4. e3 c5 5. d4 a6 6. cxd5 exd5 7. Be2 Nc6 8. O-O Bd6 9. dxc5 Bxc5 10. b3 O-O 11. Bb2 Ba7 12. Qc2 Qe7 13. Rfd1 Rd8 14. Rac1 Bg4 15. Ng5 g6 16. Nf3 1/2-1/2

[Event "CZE Extraliga 2021-22"]
[Site "Czech Republic"]
[Date "2021.10.17"]
[Round "2.2"]
[White "FMB2 Lewtak Damian IM 2379"]
[Black "UNI3 Cernousek Lukas IM 2459"]
[Result "1/2-1/2"]
[ECO "D00"]
[WhiteElo "2379"]
[BlackElo "2459"]
[Annotator "NA"]
[PlyCount "69"]
[EventDate "2021.10.17"]
[EventCountry "CZE"]
[SourceTitle "playchess.com"]
[Source "ChessBase"]
[SourceQuality "1"]
[TimeControl "40/5400+30:1800+30"]

1. d4 d5 2. c3 c5 3. Nf3 Nf6 4. e3 Nbd7 5. Nbd2 g6 6. Bd3 Bg7 7. O-O O-O 8. Re1 b6 9. a4 Bb7 10. a5 Qc7 11. a6 Bc6 12. e4 dxe4 13. Nxe4 Nxe4 14. Bxe4 Bxe4 15. Rxe4 cxd4 16. cxd4 Nf6 17. Bf4 Qd7 18. Re1 Nd5 19. Be5 Bh6 20. Qb3 Rac8 21. Bg3 f6 22. Re2 e6 23. Rae1 Rc1 24. Rxc1 Bxc1 25. Rc2 Rc8 26. Ne1 Bf4 27. Nd3 Bxg3 28. hxg3 Rxc2 29. Qxc2 Kf7 30. g4 Ke7 31. Qd2 Nc7 32. Qh6 Ke8 33. g5 Qxd4 34. Qxh7 Qxd3 35. Qxc7 1/2-1/2

[Event "CZE Extraliga 2021-22"]
[Site "Czech Republic"]
[Date "2021.10.17"]
[Round "2.3"]
[White "PAR7 Pechac Jergus GM 2544"]
[Black "NOV7 Grandelius Nils GM 2662"]
[Result "0-1"]
[ECO "B90"]
[WhiteElo "2544"]
[BlackElo "2662"]
[Annotator "NA"]
[PlyCount "58"]
[EventDate "2021.10.17"]
[EventCountry "CZE"]
[SourceTitle "playchess.com"]
[Source "ChessBase"]
[SourceQuality "1"]
[TimeControl "40/5400+30:1800+30"]

1. e4 c5 2. Nf3 d6 3. d4 cxd4 4. Nxd4 Nf6 5. Nc3 a6 6. a4 g6 7. Be2 Bg7 8. O-O O-O 9. Be3 Nc6 10. Nxc6 bxc6 11. a5 Rb8 12. b3 c5 13. Qd2 Qc7 14. Bh6 Bxh6 15. Qxh6 Be6 16. Bxa6 Ra8 17. Bd3 Rxa5 18. Nb5 Qb6 19. Rxa5 Qxa5 20. Qg5 c4 21. bxc4 Rc8 22. e5 Rc5 23. Nxd6 Rxe5 24. Qh4 Qb4 25. Ne4 Nxe4 26. Bxe4 Qxc4 27. f3 f5 28. Qxe7 Qd4+ 29. Rf2 Qd1+ 0-1

[Event "CZE Extraliga 2021-22"]
[Site "Czech Republic"]
[Date "2021.10.17"]
[Round "2.3"]
[White "LYS5 Yemelin Vasily GM 2527"]
[Black "OST5 Rasik Vitezslav GM 2425"]
[Result "1/2-1/2"]
[ECO "B00"]
[WhiteElo "2527"]
[BlackElo "2425"]
[Annotator "NA"]
[PlyCount "28"]
[EventDate "2021.10.17"]
[EventCountry "CZE"]
[SourceTitle "playchess.com"]
[Source "ChessBase"]
[SourceQuality "1"]
[TimeControl "40/5400+30:1800+30"]

1. e4 d6 2. d4 g6 3. Nf3 Nf6 4. Bd3 Bg7 5. O-O O-O 6. Re1 Nc6 7. c3 e5 8. Nbd2 Nh5 9. Nb3 h6 10. Be3 Qf6 11. g3 Bg4 12. Be2 Qd8 13. dxe5 dxe5 14. Qc1 Nf6 1/2-1/2

[Event "CZE Extraliga 2021-22"]
[Site "Czech Republic"]
[Date "2021.10.17"]
[Round "2.3"]
[White "Bernasek, Jan"]
[Black "Stalmach, Richard"]
[Result "1-0"]
[ECO "B31"]
[WhiteElo "2498"]
[BlackElo "2352"]
[Annotator "ChessBase"]
[PlyCount "55"]
[EventDate "2021.10.17"]
[EventCountry "CZE"]
[SourceTitle "playchess.com"]
[Source "ChessBase"]
[SourceQuality "1"]
[TimeControl "40/5400+30:1800+30"]

1. e4 c5 2. Nf3 Nc6 3. Bb5 g6 4. O-O Bg7 5. c3 e5 6. d3 Nge7 7. Be3 d6 8. h3 O-O 9. Nh2 Be6 10. Ba4 Rc8 11. Nd2 b6 12. f4 d5 13. fxe5 dxe4 14. Nxe4 Nxe5 15. Bg5 Bf5 16. Bc2 h6 17. Bh4 Bxe4 18. dxe4 g5 19. Bg3 Nc4 20. Qe2 Nxb2 21. Rab1 Bxc3 22. e5 Rc6 23. Ng4 Qd4+ 24. Kh1 Nd5 25. Be4 Nc4 26. Bf2 Nce3 27. Bxd5 Nxf1 28. Bxc6 1-0

[Event "CZE Extraliga 2021-22"]
[Site "Czech Republic"]
[Date "2021.10.17"]
[Round "2.3"]
[White "DPP3 Pulpan Jakub IM 2406"]
[Black "FMA6 Antoniewski Rafal GM 2472"]
[Result "1/2-1/2"]
[ECO "A05"]
[WhiteElo "2406"]
[BlackElo "2472"]
[Annotator "NA"]
[PlyCount "51"]
[EventDate "2021.10.17"]
[EventCountry "CZE"]
[SourceTitle "playchess.com"]
[Source "ChessBase"]
[SourceQuality "1"]
[TimeControl "40/5400+30:1800+30"]

1. Nf3 Nf6 2. b3 g6 3. Bb2 Bg7 4. g3 d6 5. d4 b5 6. Bg2 Bb7 7. O-O O-O 8. Na3 c6 9. Re1 d5 10. c4 bxc4 11. bxc4 Nbd7 12. Rb1 Ne4 13. Nd2 Nxd2 14. Qxd2 Nf6 15. Nc2 Qd7 16. Ba3 Rfb8 17. Qb4 Bf8 18. Qa5 Bc8 19. Nb4 e6 20. Nd3 Bxa3 21. Qxa3 Qc7 22. Ne5 Kg7 23. Rbc1 Rb6 24. cxd5 exd5 25. Qc5 Be6 26. Qa5 1/2-1/2

[Event "CZE Extraliga 2021-22"]
[Site "Czech Republic"]
[Date "2021.10.17"]
[Round "2.4"]
[White "OST6 Velicka Petr GM 2398"]
[Black "LYS6 Oral Tomas GM 2494"]
[Result "1/2-1/2"]
[ECO "B81"]
[WhiteElo "2398"]
[BlackElo "2494"]
[Annotator "NA"]
[PlyCount "20"]
[EventDate "2021.10.17"]
[EventCountry "CZE"]
[SourceTitle "playchess.com"]
[Source "ChessBase"]
[SourceQuality "1"]
[TimeControl "40/5400+30:1800+30"]

1. e4 c5 2. Nf3 e6 3. d4 cxd4 4. Nxd4 Nf6 5. Nc3 d6 6. g4 h6 7. h4 Nc6 8. Rg1 h5 9. gxh5 Nxh5 10. Bg5 Nf6 1/2-1/2

[Event "CZE Extraliga 2021-22"]
[Site "Czech Republic"]
[Date "2021.10.17"]
[Round "2.4"]
[White "FMA7 Szotkowski Jakub IM 2348"]
[Black "DPP5 Miesbauer Jan FM 2410"]
[Result "0-1"]
[ECO "E01"]
[WhiteElo "2348"]
[BlackElo "2410"]
[Annotator "NA"]
[PlyCount "76"]
[EventDate "2021.10.17"]
[EventCountry "CZE"]
[SourceTitle "playchess.com"]
[Source "ChessBase"]
[SourceQuality "1"]
[TimeControl "40/5400+30:1800+30"]

1. d4 Nf6 2. c4 e6 3. g3 d5 4. Bg2 Bb4+ 5. Bd2 a5 6. Nf3 O-O 7. O-O Nc6 8. a3 Bd6 9. Qc2 Re8 10. Rd1 Bd7 11. Nc3 dxc4 12. e4 e5 13. dxe5 Nxe5 14. Nxe5 Bxe5 15. Bg5 h6 16. Bxf6 Bxf6 17. Bh3 Bxh3 18. Rxd8 Raxd8 19. Nd5 Be5 20. Rd1 c6 21. Ne3 b5 22. Rd2 a4 23. Qd1 Bf6 24. Rd6 Be6 25. e5 Be7 26. Rd4 Rc8 27. Qf3 Bc5 28. Rd1 c3 29. bxc3 Bxa3 30. Nf5 Bf8 31. Nd6 Bxd6 32. exd6 Red8 33. Qe3 Bb3 34. Rd2 Ra8 35. d7 a3 36. Qe1 a2 37. Qa1 Ra7 38. Kg2 Rdxd7 0-1

[Event "CZE Extraliga 2021-22"]
[Site "Czech Republic"]
[Date "2021.10.17"]
[Round "2.4"]
[White "Mica, Marek"]
[Black "Jurcik, Marian"]
[Result "1-0"]
[ECO "E00"]
[WhiteElo "2321"]
[BlackElo "2406"]
[Annotator "NA"]
[PlyCount "111"]
[EventDate "2021.10.17"]
[EventCountry "CZE"]
[SourceTitle "playchess.com"]
[Source "ChessBase"]
[SourceQuality "1"]
[TimeControl "40/5400+30:1800+30"]

1. d4 e6 2. c4 Bb4+ 3. Nd2 c5 4. a3 Bxd2+ 5. Qxd2 cxd4 6. Nf3 Nf6 7. Nxd4 O-O 8. g3 d5 9. Bg2 e5 10. Nb5 d4 11. f4 Ng4 12. fxe5 Ne3 13. Bf3 Nxc4 14. Qxd4 Qxd4 15. Nxd4 Nxe5 16. Bf4 Nxf3+ 17. exf3 Nc6 18. Nxc6 bxc6 19. Rc1 Re8+ 20. Kf2 Ba6 21. Rhe1 Rxe1 22. Rxe1 Bc4 23. Re7 a5 24. Bd2 a4 25. Bc3 Bd5 26. g4 h6 27. f4 Rd8 28. f5 Bb3 29. h4 h5 30. g5 Rd5 31. f6 Rf5+ 32. Ke3 gxf6 33. Bxf6 Rf1 34. Re8+ Kh7 35. Rh8+ Kg6 36. Rh6+ Kf5 37. Rxh5 Rh1 38. Rh8 Kg4 39. Kd4 Bc2 40. Kc5 Bg6 41. Kxc6 Rf1 42. Kb5 Rf4 43. Ka5 Rc4 44. Rb8 Rc5+ 45. Kxa4 Kxh4 46. Kb4 Rf5 47. a4 Rf4+ 48. Ka5 Kh5 49. Rb4 Rf1 50. Kb6 Ra1 51. a5 Bd3 52. Rb3 Bf1 53. Ra3 Rd1 54. a6 Rd6+ 55. Kb7 Rd7+ 56. Kb8 1-0

[Event "CZE Extraliga 2021-22"]
[Site "Czech Republic"]
[Date "2021.10.17"]
[Round "2.5"]
[White "PAR9 Jirovsky Milos GM 2452"]
[Black "NOV13 Zilka Stepan GM 2580"]
[Result "0-1"]
[ECO "A13"]
[WhiteElo "2452"]
[BlackElo "2580"]
[Annotator "NA"]
[PlyCount "70"]
[EventDate "2021.10.17"]
[EventCountry "CZE"]
[SourceTitle "playchess.com"]
[Source "ChessBase"]
[SourceQuality "1"]
[TimeControl "40/5400+30:1800+30"]

1. c4 e6 2. Nf3 d5 3. g3 d4 4. Bg2 Nf6 5. O-O c5 6. d3 Nc6 7. Na3 Bd6 8. e3 O-O 9. exd4 cxd4 10. Nc2 e5 11. b4 Re8 12. Rb1 Bg4 13. h3 Bh5 14. g4 Bg6 15. Nh4 Ne4 16. dxe4 Qxh4 17. c5 Be7 18. Ne1 a6 19. Nd3 Bg5 20. a4 Bxc1 21. Rxc1 h5 22. b5 axb5 23. axb5 hxg4 24. Qxg4 Qxg4 25. hxg4 Na5 26. g5 Bh5 27. Rfe1 Bg4 28. f4 exf4 29. Kf2 Bd7 30. Rb1 Nc4 31. e5 Ra2+ 32. Re2 Rxe2+ 33. Kxe2 Nxe5 34. Nxe5 Rxe5+ 35. Kf2 Rxc5 0-1

[Event "CZE Extraliga 2021-22"]
[Site "Czech Republic"]
[Date "2021.10.17"]
[Round "2.5"]
[White "Jansa, Vlastimil"]
[Black "Malik, Jan"]
[Result "1/2-1/2"]
[ECO "B90"]
[WhiteElo "2420"]
[BlackElo "2288"]
[Annotator "NA"]
[PlyCount "102"]
[EventDate "2021.10.17"]
[EventCountry "CZE"]
[SourceTitle "playchess.com"]
[Source "ChessBase"]
[SourceQuality "1"]
[TimeControl "40/5400+30:1800+30"]

1. e4 c5 2. Nf3 d6 3. d4 cxd4 4. Nxd4 Nf6 5. Nc3 a6 6. Bd3 g6 7. O-O Bg7 8. Re1 O-O 9. Bf1 Nc6 10. Nb3 Bg4 11. f3 Bd7 12. Be3 Rc8 13. Nd5 Nxd5 14. exd5 Ne5 15. Bd4 b5 16. c3 Re8 17. Nd2 Qc7 18. h3 Bh6 19. Ne4 f5 20. Nc5 Nxf3+ 21. Qxf3 dxc5 22. Be5 Qb6 23. h4 Bg7 24. h5 c4+ 25. Kh1 Bxe5 26. Rxe5 Qf6 27. Rae1 g5 28. g3 Kh8 29. Bg2 e6 30. dxe6 Rxe6 31. Rxe6 Bxe6 32. Qb7 Rf8 33. Qxa6 Bd7 34. Qxf6+ Rxf6 35. Rd1 Be6 36. Rd6 Kg7 37. Rb6 Bd5 38. Rxb5 Bxg2+ 39. Kxg2 Kh6 40. Rc5 Rb6 41. Rxf5 Rxb2+ 42. Kf3 Rc2 43. Rf6+ Kg7 44. Rc6 Rxc3+ 45. Kg4 Ra3 46. h6+ Kf7 47. Kh5 Rxg3 48. Rxc4 Ra3 49. Rc2 Ra5 50. Rf2+ Ke7 51. Rb2 Kf6 1/2-1/2

[Event "CZE Extraliga 2021-22"]
[Site "Czech Republic"]
[Date "2021.10.17"]
[Round "2.5"]
[White "Jurcik, Martin"]
[Black "Rabatin, Jakub"]
[Result "0-1"]
[ECO "B54"]
[WhiteElo "2401"]
[BlackElo "2337"]
[Annotator "NA"]
[PlyCount "96"]
[EventDate "2021.10.17"]
[EventCountry "CZE"]
[SourceTitle "playchess.com"]
[Source "ChessBase"]
[SourceQuality "1"]
[TimeControl "40/5400+30:1800+30"]

1. e4 c5 2. Nf3 d6 3. d4 cxd4 4. Nxd4 Nf6 5. f3 Nc6 6. c4 Nxd4 7. Qxd4 g6 8. Nc3 Bg7 9. Be3 O-O 10. Qd2 Bd7 11. Be2 a5 12. b3 Bc6 13. O-O Nd7 14. Rab1 Nc5 15. a3 a4 16. b4 Nb3 17. Qd3 e5 18. Bd1 Nd4 19. Bxd4 exd4 20. Ne2 Bd7 21. Bc2 b5 22. Nxd4 Qb6 23. Rbd1 Rfc8 24. Kh1 Rxc4 25. Ne2 Be6 26. Qd2 Rac8 27. Bd3 R4c7 28. h3 Bb3 29. Rb1 Bc2 30. Rbc1 Bxd3 31. Qxd3 Rxc1 32. Rxc1 Rxc1+ 33. Nxc1 Qf2 34. Ne2 Qf1+ 35. Kh2 Be5+ 36. f4 Bxf4+ 37. Nxf4 Qxf4+ 38. Kg1 Qe5 39. h4 h5 40. g3 Kg7 41. Kg2 Qb2+ 42. Kh3 Qb3 43. Qxd6 Qxa3 44. Qe5+ Kh7 45. Qxb5 Qf3 46. Kh2 Qf2+ 47. Kh1 a3 48. Qe5 Qf1+ 0-1

[Event "CZE Extraliga 2021-22"]
[Site "Czech Republic"]
[Date "2021.10.17"]
[Round "2.5"]
[White "Burdalev, Kirill"]
[Black "Mrazek, Lumir"]
[Result "1-0"]
[ECO "A49"]
[WhiteElo "2374"]
[BlackElo "2303"]
[Annotator "NA"]
[PlyCount "73"]
[EventDate "2021.10.17"]
[EventCountry "CZE"]
[SourceTitle "playchess.com"]
[Source "ChessBase"]
[SourceQuality "1"]
[TimeControl "40/5400+30:1800+30"]

1. d4 Nf6 2. Nf3 g6 3. g3 Bg7 4. Bg2 O-O 5. O-O d6 6. c4 c6 7. Nc3 Qc7 8. e4 e5 9. h3 Re8 10. Be3 Nbd7 11. Re1 h6 12. Qd2 Kh7 13. Rad1 Nf8 14. b4 Bd7 15. Kh2 g5 16. c5 exd4 17. Bxd4 dxc5 18. Bxc5 Be6 19. Bd6 Qb6 20. Nd4 Ng6 21. e5 Nd7 22. f4 gxf4 23. gxf4 Nh4 24. Be4+ Kh8 25. Rg1 f5 26. Bh1 Nf8 27. Na4 Qd8 28. Rxg7 Kxg7 29. Bxf8+ Kh7 30. Nxe6 Qxd2+ 31. Rxd2 Rxe6 32. Nc5 Ree8 33. Rd7+ Kg6 34. Rd6+ Kf7 35. Bxh6 a5 36. b5 Rad8 37. Nxb7 1-0

[Event "CZE Extraliga 2021-22"]
[Site "Czech Republic"]
[Date "2021.10.17"]
[Round "2.6"]
[White "Bures, Jaroslav"]
[Black "Hrabusa, Matej"]
[Result "1-0"]
[ECO "A10"]
[WhiteElo "2394"]
[BlackElo "2363"]
[Annotator "NA"]
[PlyCount "131"]
[EventDate "2021.10.17"]
[EventCountry "CZE"]
[SourceTitle "playchess.com"]
[Source "ChessBase"]
[SourceQuality "1"]
[TimeControl "40/5400+30:1800+30"]

1. c4 f5 2. g3 Nf6 3. Bg2 g6 4. b3 Bg7 5. Bb2 d6 6. d4 O-O 7. Nf3 Ne4 8. Nbd2 c5 9. O-O Nc6 10. e3 Qa5 11. Nxe4 fxe4 12. Ne1 cxd4 13. exd4 Qb6 14. Nc2 Bf5 15. g4 Be6 16. Bxe4 Rf4 17. Qd3 Bxg4 18. Rae1 Raf8 19. Bc1 Rxe4 20. Qxe4 Bh3 21. d5 Ne5 22. Be3 Qa5 23. f4 Bxf1 24. Rxf1 Qxa2 25. fxe5 Rxf1+ 26. Kxf1 Bxe5 27. b4 a5 28. bxa5 Qxa5 29. h4 Qa4 30. Qd3 Qd7 31. Bf2 Qg4 32. Nd4 Bf6 33. Nf3 Kg7 34. Ke2 Qc8 35. Qe4 Qa8 36. Nd4 Qa2+ 37. Qc2 Qa1 38. Ne6+ Kg8 39. Qb3 Qe5+ 40. Qe3 Qh5+ 41. Qf3 Qe5+ 42. Kf1 Qa1+ 43. Kg2 Qa2 44. Qe4 Qb3 45. Ng5 Kh8 46. Bd4 Qa2+ 47. Kg3 Qa3+ 48. Qe3 Qxe3+ 49. Bxe3 Kg8 50. Ne6 Be5+ 51. Kf3 Bf6 52. Bg5 Bxg5 53. hxg5 b6 54. Nc7 Kg7 55. Na8 h6 56. Kf4 h5 57. Nxb6 Kf7 58. Na4 Ke8 59. Nc3 Kd7 60. Nb5 Kc8 61. Nd4 Kd7 62. Ne6 Ke8 63. Kg3 Kf7 64. Kh4 Kg8 65. Nf4 Kg7 66. Nxh5+ 1-0

[Event "CZE Extraliga 2021-22"]
[Site "Czech Republic"]
[Date "2021.10.17"]
[Round "2.6"]
[White "Frank, Adam"]
[Black "Sorm, Daniel"]
[Result "1/2-1/2"]
[ECO "B15"]
[WhiteElo "2366"]
[BlackElo "2347"]
[Annotator "NA"]
[PlyCount "71"]
[EventDate "2021.10.17"]
[EventCountry "CZE"]
[SourceTitle "playchess.com"]
[Source "ChessBase"]
[SourceQuality "1"]
[TimeControl "40/5400+30:1800+30"]

1. e4 c6 2. d4 d5 3. Nd2 dxe4 4. Nxe4 Nf6 5. Nxf6+ exf6 6. c3 Bd6 7. Bd3 O-O 8. Qc2 Kh8 9. Ne2 Qc7 10. Be3 Nd7 11. h4 h5 12. O-O-O b5 13. g4 hxg4 14. Rdg1 Nb6 15. Bf5 Nd5 16. Rxg4 Nxe3 17. fxe3 Qe7 18. Rh3 g6 19. Bxc8 Raxc8 20. Nf4 Bxf4 21. Rxf4 c5 22. d5 Rcd8 23. e4 Kg7 24. Rhf3 Rd6 25. Qf2 Rb6 26. h5 Rh8 27. hxg6 fxg6 28. Rh4 Rbb8 29. Rfh3 Qe5 30. Rxh8 Rxh8 31. Rxh8 Kxh8 32. Qxc5 Qf4+ 33. Kd1 Qf1+ 34. Kd2 Qg2+ 35. Kc1 Qf1+ 36. Kd2 1/2-1/2

[Event "CZE Extraliga 2021-22"]
[Site "Czech Republic"]
[Date "2021.10.17"]
[Round "2.6"]
[White "OST9 Walek Petr  2245"]
[Black "LYS13 Balacek Tadeas CM 2355"]
[Result "1/2-1/2"]
[ECO "C11"]
[WhiteElo "2245"]
[BlackElo "2355"]
[Annotator "NA"]
[PlyCount "57"]
[EventDate "2021.10.17"]
[EventCountry "CZE"]
[SourceTitle "playchess.com"]
[Source "ChessBase"]
[SourceQuality "1"]
[TimeControl "40/5400+30:1800+30"]

1. e4 e6 2. d4 d5 3. Nc3 Nf6 4. e5 Nfd7 5. f4 c5 6. Nf3 Nc6 7. Be3 Qb6 8. Na4 Qa5+ 9. c3 b6 10. Bd2 c4 11. b4 Nxb4 12. cxb4 Bxb4 13. Qc2 Bxd2+ 14. Nxd2 b5 15. Nc3 b4 16. Qa4 Qxa4 17. Nxa4 Bb7 18. Be2 Bc6 19. Bd1 Ke7 20. Bc2 Rhc8 21. Ke2 Rab8 22. Rhb1 a5 23. Nf3 f6 24. h4 h6 25. Ke3 Nb6 26. Nc5 Nd7 27. Na4 Nb6 28. Nc5 Nd7 29. Na4 1/2-1/2

[Event "CZE Extraliga 2021-22"]
[Site "Czech Republic"]
[Date "2021.10.17"]
[Round "2.7"]
[White "UNI12 Vavra Pavel IM 2320"]
[Black "FMB7 Stepan Patrik  2248"]
[Result "1/2-1/2"]
[ECO "A45"]
[WhiteElo "2320"]
[BlackElo "2248"]
[Annotator "NA"]
[PlyCount "48"]
[EventDate "2021.10.17"]
[EventCountry "CZE"]
[SourceTitle "playchess.com"]
[Source "ChessBase"]
[SourceQuality "1"]
[TimeControl "40/5400+30:1800+30"]

1. d4 Nf6 2. Bg5 Ne4 3. Bf4 e6 4. e3 d5 5. Bd3 Be7 6. Nd2 f5 7. Nxe4 dxe4 8. Bc4 Bd6 9. Nh3 O-O 10. O-O Nc6 11. a3 Ne7 12. f3 Bxf4 13. exf4 Nd5 14. Qe2 exf3 15. Rxf3 Qf6 16. c3 Bd7 17. Nf2 Nb6 18. Bb3 Rfe8 19. Re1 Kf8 20. Nd3 Bb5 21. Bxe6 Nd5 22. Qe5 Qxe6 23. Qxe6 Rxe6 24. Rxe6 Bxd3 1/2-1/2

[Event "CZE Extraliga 2021-22"]
[Site "Czech Republic"]
[Date "2021.10.17"]
[Round "2.7"]
[White "LYS14 Priehoda Vitezslav IM 22"]
[Black "OST10 Neumann Filip  2175"]
[Result "1-0"]
[ECO "E92"]
[WhiteElo "2268"]
[BlackElo "2175"]
[Annotator "NA"]
[PlyCount "93"]
[EventDate "2021.10.17"]
[EventCountry "CZE"]
[SourceTitle "playchess.com"]
[Source "ChessBase"]
[SourceQuality "1"]
[TimeControl "40/5400+30:1800+30"]

1. d4 Nf6 2. Nf3 g6 3. c4 Bg7 4. Nc3 O-O 5. e4 d6 6. Be2 e5 7. d5 a5 8. Be3 Na6 9. Nd2 Ne8 10. g4 f5 11. gxf5 gxf5 12. exf5 Bxf5 13. Nde4 Nf6 14. Nxf6+ Qxf6 15. Qd2 Nb4 16. O-O-O Bg6 17. Rhg1 Qf5 18. Rxg6 Qxg6 19. a3 e4 20. axb4 axb4 21. Nb1 Ra2 22. Qxb4 Bxb2+ 23. Qxb2 Rxb2 24. Kxb2 Qg2 25. Nc3 Rxf2 26. Bxf2 Qxf2 27. h3 Qe3 28. h4 Kf7 29. h5 Kf6 30. Rh1 Ke5 31. Rh4 Qd2+ 32. Kb3 e3 33. Re4+ Kf6 34. Re6+ Kf5 35. Re7 h6 36. Rxc7 b6 37. Rf7+ Ke5 38. Re7+ Kf5 39. Re6 Qc1 40. Rxd6 b5 41. cxb5 Ke5 42. Re6+ Kd4 43. Re4+ Kc5 44. Rc4+ Kb6 45. Na4+ Ka5 46. Nc3 Qa1 47. d6 1-0

[Event "CZE Extraliga 2021-22"]
[Site "Czech Republic"]
[Date "2021.10.17"]
[Round "2.7"]
[White "Pribyl, Josef"]
[Black "Jasny, Stanislav"]
[Result "1-0"]
[ECO "A45"]
[WhiteElo "2235"]
[BlackElo "2316"]
[Annotator "NA"]
[PlyCount "119"]
[EventDate "2021.10.17"]
[EventCountry "CZE"]
[SourceTitle "playchess.com"]
[Source "ChessBase"]
[SourceQuality "1"]
[TimeControl "40/5400+30:1800+30"]

1. d4 Nf6 2. Bf4 g6 3. Nc3 d5 4. Nf3 c6 5. e3 Nh5 6. Bg5 h6 7. Bh4 Bg7 8. Be2 Qb6 9. Na4 Qa5+ 10. c3 Nd7 11. b4 Qc7 12. g4 Nhf6 13. Bg3 Qd8 14. Nd2 h5 15. g5 Ne4 16. Nxe4 dxe4 17. Qc2 O-O 18. O-O e5 19. h4 exd4 20. cxd4 Qe7 21. Rab1 Nb6 22. Qc5 Qd8 23. Nc3 Re8 24. Qd6 Bd7 25. Rfc1 Rc8 26. Qf4 Bf5 27. Bxh5 Nd5 28. Nxd5 Qxd5 29. Bg4 Bxg4 30. Qxg4 Bf8 31. Rb3 a6 32. Kg2 Re6 33. Be5 Bg7 34. Rc5 Qd7 35. Qxe4 Rce8 36. f4 R6e7 37. Qf3 Bxe5 38. fxe5 Re6 39. Rb2 Kg7 40. Rf2 Rh8 41. Qe4 Rh5 42. Rc1 Re7 43. Rf6 Rh7 44. Rcf1 Kg8 45. Kg3 Qe8 46. Rd6 Rg7 47. Rff6 Qb8 48. a4 Qc7 49. Qf4 Qc8 50. Qg4 Qe8 51. e6 Qb8 52. Qf4 Qe8 53. exf7+ Rgxf7 54. Kf2 Rg7 55. Qf3 a5 56. bxa5 Qa8 57. a6 bxa6 58. Qxc6 Rb7 59. Rxg6 Rbf7+ 60. Kg3 1-0